 Dungeon Crawl Stone Soup version 0.22-a0-351-g29664b4 (webtiles) character file.

2732 khargal the Slicer (level 9, -13/75 HPs)
             Began as a Pale Draconian Assassin on Apr 14, 2018.
             Was a Believer of Dithmenos.
             Mangled by a two-headed ogre
             ... wielding a +0 giant club
              (16 damage)
             ... on level 6 of the Dungeon.
             The game lasted 00:21:58 (7575 turns).

khargal the Slicer (Pale Draconian Assassin)        Turns: 7575, Time: 00:21:59

Health: -13/75     AC:  8    Str: 13    XL:     9   Next: 40%
Magic:  9/9        EV: 15    Int: 12    God:    Dithmenos [**....]
Gold:   422        SH:  0    Dex: 16    Spells: 8/8 levels left

rFire    . . .     SeeInvis +   o - +2 dagger (freeze)
rCold    . . .     Gourm    .   (no shield)
rNeg     . . .     Faith    .   (armour unavailable)
rPois    .         Spirit   .   (helmet restricted)
rElec    .         Reflect  .   c - +0 cloak
rCorr    .         Harm     .   (no gloves)
MR       .....                  (no boots)
Stlth    +++++.....             (no amulet)
HPRegen  0.22/turn              j - ring of flight
MPRegen  0.11/turn              y - ring of see invisible

@: short of breath, wreathed by umbra
A: breathe steam, unfitting armour, cold-blooded, AC +7
a: Breathe Steam, Shadow Step, Renounce Religion, Evoke Flight


You were on level 6 of the Dungeon.
You worshipped Dithmenos.
Dithmenos was pleased with you.
You were not hungry.

You visited 2 branches of the dungeon, and saw 7 of its levels.

You collected 422 gold pieces.

Inventory:

Hand Weapons
 a - a +2 dagger
 b - a +0 blowgun
 o - a +2 dagger of freezing (weapon)
Missiles
 d - 66 poisoned needles
 e - 10 curare-tipped needles
Armour
 c - a +0 cloak (worn)
Magical Staves
 i - an uncursed staff of cold
Jewellery
 j - a ring of flight (left hand)
 y - a ring of see invisible (right hand)
Wands
 r - a wand of flame (17)
 v - a wand of random effects (15)
Scrolls
 n - a scroll of fog
 q - a scroll of remove curse
 x - a scroll of immolation {unknown}
Potions
 g - 4 potions of curing
 h - a potion of might
 k - a potion of brilliance
 l - 3 potions of flight {unknown}
 m - a potion of haste
 p - a potion of ambrosia {unknown}
 s - 4 potions of berserk rage
 t - a potion of heal wounds {unknown}
 w - a potion of lignification {unknown}
Comestibles
 f - 10 rations
 u - 9 chunks of flesh


   Skills:
 + Level 5.8 Fighting
 + Level 8.0 Short Blades
 - Level 2.0 Throwing
 + Level 5.4 Dodging
 + Level 7.8 Stealth


You had 8 spell levels left.
You didn't know any spells.

Dungeon Overview and Level Annotations

Branches:
Dungeon (6/15)             Temple (1/1) D:4

Altars:
Cheibriados
Dithmenos
Elyvilon
Fedhas
Gozag
Kikubaaqudgha
Makhleb
Nemelex Xobeh
Okawaru
Qazlal
Ru
Sif Muna
Trog
Uskayaw
Vehumet
Wu Jian
Xom
Yredelemnul
Zin
The Shining One

Shops:
D:5 [


Innate Abilities, Weirdness & Mutations

You can breathe blasts of scalding, opaque steam.
Your pale cyan-grey scales are hard. (AC +7)
You cannot fit into any form of body armour.
You are cold-blooded and may be slowed by cold attacks.


Message History

The two-headed ogre is severely wounded.
Unknown command.
You feel better.
The two-headed ogre hits you with a giant club!
* * * LOW HITPOINT WARNING * * *
The two-headed ogre misses you.
An adder comes into view.
Okay, then.
You have got your breath back.
Press: ? - help, Shift-Dir - straight line, f/p - two-headed ogre
Aim: a two-headed ogre, wielding a giant club and a giant spiked club (severely wounded, umbra)
You exhale a blast of scalding steam.
The ball of steam hits the two-headed ogre.
The two-headed ogre is almost dead.
You feel somewhat more hungry.
The two-headed ogre is engulfed in a cloud of scalding steam.
The two-headed ogre hits you with a giant club!
* * * LOW HITPOINT WARNING * * *
The two-headed ogre hits you with a giant spiked club!
You die...

.#
#......###.#.#######.###.#
.# #.#.##....###..# #.# #.#
.# #.#....###.#.#.# #.# #.#
.# # #.#..# ##.##.# #.# #.#
.# #.#).# #.##.# #.# #.# .#
.#...####.##.#####.###.# [#
#. ###..S.................#
...
#..?#.................#####
.#.# #......§O@.#.#######
............###..##.#
.#..........#....##.# .
####.#.#.#.#.###.# #
#.........# #.# #...#......
.# #.######### #.


You could see a two-headed ogre and an adder.

Vanquished Creatures
  Eustachio (D:4)
  Menkaure (D:6)
  Duvessa (D:4)
  2 orc warriors (D:6)
  8 ogres
  3 centaurs (D:6)
  Blork the orc (D:5)
  A gnoll sergeant (D:6)
  Dowan (D:4)
  A scorpion (D:5)
  2 howler monkeys
  A bullfrog zombie (D:6)
  A centaur zombie (D:5)
  3 jellies
  4 hounds (D:6)
  An orc wizard (D:6)
  A quasit (D:5)
  3 orc priests (D:6)
  A gnoll shaman (D:6)
  Ijyb (D:5)
  3 iguanas
  2 worker ants
  A hound zombie (D:5)
  Robin (D:4)
  19 gnolls
  2 adders
  An ooze (D:4)
  An adder skeleton (D:3)
  8 worms
  A dart slug (D:2)
  3 leopard geckos
  13 orcs
  A ball python (D:4)
  7 giant cockroaches
  15 goblins
  11 hobgoblins
  7 jackals
  13 kobolds
  2 quokkas
  7 bats
  4 frilled lizards
  A leopard gecko skeleton (D:3)
  A quokka skeleton (D:5)
  10 rats
172 creatures vanquished.

Notes
Turn   | Place    | Note
-------+----------+-------------------------------------------
     0 | D:1      | khargal the Draconian Assassin began the quest for the Orb.
     0 | D:1      | Reached XP level 1. HP: 17/17 MP: 1/1
   263 | D:1      | Reached XP level 2. HP: 25/25 MP: 2/2
   286 | D:1      | Reached skill level 1 in Dodging
   904 | D:2      | Reached XP level 3. HP: 30/30 MP: 3/3
  2387 | D:3      | Reached XP level 4. HP: 37/37 MP: 4/4
  2759 | D:3      | Reached skill level 5 in Stealth
  2840 | D:3      | Found a burning altar of Makhleb.
  2924 | D:4      | Found a basalt altar of Yredelemnul.
  3485 | D:4      | Noticed Duvessa
  3485 | D:4      | Noticed an ogre
  3487 | D:4      | Noticed Dowan
  3529 | D:4      | Found a staircase to the Ecumenical Temple.
  3545 | D:4      | Reached XP level 5. HP: 44/44 MP: 5/5
  3551 | Temple   | Entered the Ecumenical Temple
  4270 | D:4      | Reached skill level 3 in Short Blades
  4300 | D:4      | Noticed Robin
  4449 | D:4      | Killed Robin
  4837 | D:4      | Reached XP level 6. HP: 51/51 MP: 6/6
  4920 | D:4      | Reached skill level 4 in Short Blades
  5188 | D:4      | Your scales start taking on a pale cyan-grey colour.
  5188 | D:4      | Reached XP level 7. HP: 57/57 MP: 7/7
  5241 | D:4      | Found a shadowy altar of Dithmenos.
  5249 | D:4      | Became a worshipper of Dithmenos the Shadowed
  5251 | D:4      | Killed Dowan
  5312 | D:4      | Found a deep blue altar of Sif Muna.
  5322 | D:4      | Killed Duvessa
  5343 | D:4      | Noticed Eustachio
  5374 | D:4      | Killed Eustachio
  5374 | D:4      | Reached skill level 5 in Short Blades
  5540 | D:4      | Found a glowing silver altar of Zin.
  5722 | D:5      | Entered Level 5 of the Dungeon
  5760 | D:5      | Found Mugriuce's Antique Armour Shop.
  5910 | D:5      | Reached XP level 8. HP: 67/67 MP: 8/8
  5995 | D:5      | Noticed Ijyb
  6018 | D:5      | Killed Ijyb
  6240 | D:5      | Reached skill level 6 in Short Blades
  6278 | D:5      | Noticed Blork the orc
  6283 | D:5      | Killed Blork the orc
  6412 | D:6      | Reached * piety under Dithmenos
  6646 | D:6      | Reached skill level 5 in Fighting
  6748 | D:6      | Found a white marble altar of Elyvilon.
  6857 | D:6      | Reached skill level 7 in Short Blades
  6898 | D:6      | Reached XP level 9. HP: 27/74 MP: 9/9
  7008 | D:6      | Reached skill level 5 in Dodging
  7139 | D:6      | Reached ** piety under Dithmenos
  7534 | D:6      | Noticed Menkaure
  7537 | D:6      | Killed Menkaure
  7537 | D:6      | Reached skill level 8 in Short Blades
  7553 | D:6      | Noticed a two-headed ogre
  7575 | D:6      | HP: 3/75 [two-headed ogre/giant club (13)]
  7575 | D:6      | Mangled by a two-headed ogre

Vault maps used:
D:1:      scummos_arrival_gate
D:2:      st_stairs_3
D:3:      lemuel_coloured_pillars_altar
D:4:      grunt_temple_overflow_open, nicolae_dithmenos_the_darkroom,
          marbit_many_paths, minmay_temple_entry_statues_fountains,
          first_ration, uniq_eustachio, uniq_robin, uniq_duvessa
D:5:      lemuel_upstairs_altar, serial_shops, shop, kennysheep_generic_room_11,
          uniq_ijyb, uniq_blork_the_orc
D:6:      kennysheep_housing_project, kennysheep_mini, st_stairs_2,
          uniq_menkaure
Temple:   eino_temple_water

Skill      XL: |  1  2  3  4  5  6  7  8  9 |
---------------+----------------------------+-----
Stealth        | 4 5 6 7 |  7.8
Dodging        | 1 2 3 4 5 |  5.4
Throwing       | 2 |  2.0
Fighting       | 3 4 5 |  5.8
Short Blades   | 3 4 5 7 8 |  8.0

Action                   |  1- 3 |  4- 6 |  7- 9 || total
-------------------------+-------+-------+-------++-------
Melee: Dagger            |   147 |   221 |   229 ||   597
       Tailslap          |    13 |    24 |    27 ||    64
 Fire: Blowgun           |    21 |       |       ||    21
 Abil: Breathe Steam     |       |       |    33 ||    33
  Use: Scroll            |     4 |     5 |     3 ||    12
       Potion            |       |       |     2 ||     2
 Stab: Sleeping          |     8 |    13 |    13 ||    34
       Distracted        |     2 |     2 |     3 ||     7
  Eat: Chunk             |     3 |     7 |    11 ||    21
       Ration            |       |     1 |       ||     1
Armor: Skin              |    35 |    32 |    45 ||   112
Dodge: Dodged            |    91 |   107 |   160 ||   358

Table legend:
 A = Spawn XP
 B = Non-spawn XP
 C = Spawn XP percentage of total XP
 D = Spawn monster count
 E = Non-spawn monster count
 F = Spawn count percentage of total count
 G = Total turns spent on level
                    A         B        C        D         E        F      G
               +---------+---------+-------+---------+---------+-------+---------
         Total |       0 |    3903 |   0.0 |       0 |     172 |   0.0 |  7575
               +---------+---------+-------+---------+---------+-------+---------
           D:1 |       0 |      45 |   0.0 |       0 |      24 |   0.0 |  1169
           D:2 |       0 |      50 |   0.0 |       0 |      22 |   0.0 |  1207
           D:3 |       0 |      96 |   0.0 |       0 |      26 |   0.0 |  1207
           D:4 |       0 |    1089 |   0.0 |       0 |      34 |   0.0 |  1798
           D:5 |       0 |     487 |   0.0 |       0 |      19 |   0.0 |   628
           D:6 |       0 |    2136 |   0.0 |       0 |      47 |   0.0 |  1225
               +---------+---------+-------+---------+---------+-------+---------
